| TOP OF THE 1ST |
|
Lexington Legends batting - Pitching for Clinton LumberKings : LHP Andy Mathis
|
|
Pitching: LHP Andy Mathis
|
|
|
Batting: SHB Ryoji Hiraoka
|
0-0: Ball 1-0: Called Strike 1-1: Hit by Pitch
|
|
Batting: RHB Franklin Salazar
|
0-0: SINGLE (Groundball, 34D, EV 93.8 MPH) Ryoji Hiraoka to second Runner from 2nd tries for 3rd, SAFE, throw by RF made to third
|
|
Batting: RHB Andy Urquhart
|
0-0: Swinging Strike 0-1: Ball 1-1: Called Strike 1-2: Strikes out swinging
|
|
Batting: RHB Pete Deschamps
|
0-0: Ball 1-0: Ball 2-0: Swinging Strike 2-1: Called Strike 2-2: Ball 3-2: Foul Ball, location: 2F 3-2: Strikes out looking Franklin Salazar steals 2nd base Batter strikes out.
|
|
Batting: LHB Robert Wilkins
|
0-0: Called Strike 0-1: Ball 1-1: Foul Ball, location: 2F 1-2: Strikes out looking
|
| Top of the 1st over - 0 runs, 1 hit, 0 errors, 2 left on base; Lexington 0 - Clinton 0 |
| BOTTOM OF THE 1ST |
|
Clinton LumberKings batting - Pitching for Lexington Legends : RHP Franklin Salazar
|
|
Pitching: RHP Franklin Salazar
|
|
|
Batting: SHB Tony Morales
|
0-0: Ball 1-0: Ball 2-0: Swinging Strike 2-1: Called Strike 2-2: Foul Ball, location: 2F 2-2: Ball 3-2: Foul Ball, location: 2F 3-2: Strikes out swinging, 2-3 out at first.
|
|
Batting: RHB Nick Edmunds
|
0-0: Ball 1-0: Ball 2-0: Hit by Pitch
|
|
Batting: RHB Ryan Criollo
|
0-0: Called Strike Nick Edmunds steals 2nd base 0-1: SINGLE (Groundball, 34D, EV 95.6 MPH) Nick Edmunds to third
|
|
Batting: LHB Chang Huie
|
0-0: DOUBLE (Line Drive, 8RD, EV 101.9 MPH) Nick Edmunds scores Ryan Criollo to third
|
|
Batting: RHB Jesus Santiago
|
0-0: Ball 1-0: Called Strike 1-1: Swinging Strike 1-2: Ball 2-2: SINGLE (Groundball, 6MS, EV 68.1 MPH) (infield hit) Ryan Criollo scores Chang Huie to third
|
|
Batting: LHB Kenny Gerrity
|
0-0: Ball 1-0: Ball 2-0: Grounds out, U3 (Groundball, 3L, EV 90.6 MPH) Chang Huie scores
|
|
Batting: RHB Chris Van Niel
|
0-0: Ball 1-0: Ball 2-0: Called Strike 2-1: Foul Ball, location: 2F 2-2: Ball 3-2: Strikes out swinging
|
| Bottom of the 1st over - 3 runs, 3 hits, 0 errors, 1 left on base; Lexington 0 - Clinton 3 |
| TOP OF THE 2ND |
|
Lexington Legends batting - Pitching for Clinton LumberKings : LHP Andy Mathis
|
|
Batting: RHB Nate De Jongh
|
0-0: Ball 1-0: Ball 2-0: Foul Ball, location: 2F 2-1: Ground out 6-3 (Groundball, 6, EV 99.4 MPH)
|
|
Batting: LHB David Bearden
|
0-0: Ball 1-0: Foul Ball, location: 2F 1-1: Ground out U3 (Groundball, 3, EV 85.0 MPH)
|
|
Batting: RHB Kunimatsu Oya
|
0-0: Called Strike 0-1: Ball 1-1: Ball 2-1: Fly out, F2 (Popup, 2RF, EV 86.9 MPH)
|
| Top of the 2nd over - 0 runs, 0 hits, 0 errors, 0 left on base; Lexington 0 - Clinton 3 |
| BOTTOM OF THE 2ND |
|
Clinton LumberKings batting - Pitching for Lexington Legends : RHP Franklin Salazar
|
|
Batting: SHB Garrett McKenna
|
0-0: Called Strike 0-1: Ball 1-1: Fly out, F7 (Flyball, 7S, EV 78.1 MPH)
|
|
Batting: RHB Franklin Romero
|
0-0: Ball 1-0: Ball 2-0: Called Strike 2-1: Ball 3-1: Fly out, F4 (Popup, 34S, EV 88.8 MPH)
|
|
Batting: SHB Tony Morales
|
0-0: Ball 1-0: TRIPLE (Flyball, 78XD, EV 102.5 MPH)
|
|
Batting: RHB Nick Edmunds
|
0-0: SINGLE (Line Drive, 89S, EV 91.9 MPH) Tony Morales scores
|
|
Batting: RHB Ryan Criollo
|
0-0: SINGLE (Line Drive, 9S, EV 103.8 MPH) Nick Edmunds to second
|
|
Batting: LHB Chang Huie
|
0-0: Ball 1-0: Swinging Strike 1-1: Foul Ball, location: 2F 1-2: Ball 2-2: SINGLE (Groundball, 56D, EV 103.1 MPH) Nick Edmunds to third Ryan Criollo to second Runner from 3rd tries for Home, SAFE, throw by LF to home
|
|
Batting: RHB Jesus Santiago
|
0-0: Ground out 1-3 (Groundball, 15S, EV 67.5 MPH)
|
| Bottom of the 2nd over - 2 runs, 4 hits, 0 errors, 2 left on base; Lexington 0 - Clinton 5 |
| TOP OF THE 3RD |
|
Lexington Legends batting - Pitching for Clinton LumberKings : LHP Andy Mathis
|
|
Batting: RHB Eric Erickson
|
0-0: Called Strike 0-1: Called Strike 0-2: Foul Ball, location: 2F 0-2: Strikes out swinging, 2-3 out at first.
|
|
Batting: SHB Ryoji Hiraoka
|
0-0: Ground out 5-3 (Groundball, 5S, EV 83.8 MPH)
|
|
Batting: RHB Franklin Salazar
|
0-0: Foul Ball, location: 2F 0-1: Swinging Strike 0-2: Strikes out swinging
|
| Top of the 3rd over - 0 runs, 0 hits, 0 errors, 0 left on base; Lexington 0 - Clinton 5 |
| BOTTOM OF THE 3RD |
|
Clinton LumberKings batting - Pitching for Lexington Legends : RHP Franklin Salazar
|
|
Batting: LHB Kenny Gerrity
|
0-0: Called Strike 0-1: Ball 1-1: Fly out, F7 (Flyball, 7S, EV 90.0 MPH)
|
|
Batting: RHB Chris Van Niel
|
0-0: Swinging Strike 0-1: Foul Ball, location: 2F 0-2: Ball 1-2: Ball 2-2: Ball 3-2: Fly out, F7 (Flyball, 7D, EV 103.1 MPH)
|
|
Batting: SHB Garrett McKenna
|
0-0: SINGLE (Groundball, 6MD, EV 105.6 MPH)
|
|
Batting: RHB Franklin Romero
|
0-0: Ball 1-0: Foul Ball, location: 2F 1-1: Ball 2-1: Foul Ball, location: 2F 2-2: Foul Ball, location: 2F 2-2: Fly out, F5 (Popup, 56, EV 62.5 MPH)
|
| Bottom of the 3rd over - 0 runs, 1 hit, 0 errors, 1 left on base; Lexington 0 - Clinton 5 |
| TOP OF THE 4TH |
|
Lexington Legends batting - Pitching for Clinton LumberKings : LHP Andy Mathis
|
|
Batting: RHB Andy Urquhart
|
0-0: Foul Ball, location: 2F 0-1: Swinging Strike 0-2: Ground out 5-3 (Groundball, 5, EV 83.8 MPH)
|
|
Batting: RHB Pete Deschamps
|
0-0: Called Strike 0-1: Swinging Strike 0-2: Strikes out looking
|
|
Batting: LHB Robert Wilkins
|
0-0: Called Strike 0-1: Ball 1-1: Swinging Strike 1-2: Ball 2-2: Foul Ball, location: 2F 2-2: Strikes out swinging
|
| Top of the 4th over - 0 runs, 0 hits, 0 errors, 0 left on base; Lexington 0 - Clinton 5 |
| BOTTOM OF THE 4TH |
|
Clinton LumberKings batting - Pitching for Lexington Legends : RHP Franklin Salazar
|
|
Batting: SHB Tony Morales
|
0-0: Ball 1-0: Ball 2-0: Called Strike 2-1: Ground out 5-3 (Groundball, 56S, EV 91.2 MPH)
|
|
Batting: RHB Nick Edmunds
|
0-0: Ball 1-0: Ground out 4-3 (Groundball, 4D, EV 98.8 MPH)
|
|
Batting: RHB Ryan Criollo
|
0-0: Ball 1-0: Ground out 4-3 (Groundball, 4, EV 77.5 MPH)
|
| Bottom of the 4th over - 0 runs, 0 hits, 0 errors, 0 left on base; Lexington 0 - Clinton 5 |
| TOP OF THE 5TH |
|
Lexington Legends batting - Pitching for Clinton LumberKings : LHP Andy Mathis
|
|
Batting: RHB Nate De Jongh
|
0-0: Ball 1-0: Ball 2-0: Swinging Strike 2-1: Ball 3-1: Foul Ball, location: 2F 3-2: Base on Balls
|
|
Batting: LHB David Bearden
|
0-0: Ball 1-0: Called Strike 1-1: Ball 2-1: SINGLE (Groundball, 34D, EV 94.4 MPH) Nate De Jongh to second Throwing error, E9 Nate De Jongh scores David Bearden to second
|
|
Batting: RHB Kunimatsu Oya
|
0-0: Fly out, F8 (Flyball, 89D, EV 106.9 MPH) Runner from 2nd tags up, SAFE at 3rd with throw by CF
|
|
Batting: RHB Eric Erickson
|
0-0: Ball 1-0: Fly out, F8 (Line Drive, 8RD, EV 89.4 MPH) Runner from 3rd tags up, OUT at HOME! 8-2
|
| Top of the 5th over - 1 run, 1 hit, 1 error, 0 left on base; Lexington 1 - Clinton 5 |
| BOTTOM OF THE 5TH |
|
Clinton LumberKings batting - Pitching for Lexington Legends : RHP Franklin Salazar
|
|
Batting: LHB Chang Huie
|
0-0: Ball 1-0: Foul Ball, location: 2F 1-1: Foul Ball, location: 2F 1-2: Ground out 6-3 (Groundball, 6, EV 82.5 MPH)
|
|
Batting: RHB Jesus Santiago
|
0-0: Called Strike 0-1: Ball 1-1: Swinging Strike 1-2: SINGLE (Flyball, 7LS, EV 85.6 MPH)
|
|
Batting: LHB Kenny Gerrity
|
0-0: Ball Jesus Santiago steals 2nd base 1-0: Foul Ball, location: 2F 1-1: Ball 2-1: Ball 3-1: Base on Balls
|
|
Pitching: RHP Michiyo Takayama
|
|
|
Batting: RHB Chris Van Niel
|
0-0: Ball 1-0: Ball 2-0: Ball 3-0: Base on Balls Jesus Santiago to third Kenny Gerrity to second
|
|
Batting: SHB Garrett McKenna
|
0-0: Ball 1-0: Ball 2-0: Ball 3-0: Called Strike 3-1: SINGLE (Groundball, 34D, EV 99.4 MPH) Jesus Santiago scores Kenny Gerrity to third Chris Van Niel to second Runner from 3rd tries for Home, SAFE, throw by RF to home
|
|
Batting: RHB Franklin Romero
|
0-0: Swinging Strike 0-1: Ball 1-1: Ball 2-1: Ball 3-1: Base on Balls Chris Van Niel to third Garrett McKenna to second
|
|
Batting: SHB Tony Morales
|
0-0: Called Strike 0-1: Called Strike 0-2: Ball 1-2: Foul Ball, location: 2F 1-2: Foul Ball, location: 2F 1-2: Ball 2-2: Ball 3-2: Foul Ball, location: 2F 3-2: Fielders Choice at 2nd, 4-6 (Groundball, 4, EV 86.9 MPH) Chris Van Niel scores Garrett McKenna to third
|
|
Batting: RHB Nick Edmunds
|
0-0: Ball 1-0: Reached on error, E5 (Groundball, 5, EV 84.4 MPH) Garrett McKenna scores Tony Morales to second
|
|
Batting: RHB Ryan Criollo
|
0-0: Ground out U3 (Groundball, 34, EV 86.2 MPH)
|
| Bottom of the 5th over - 4 runs, 2 hits, 1 error, 2 left on base; Lexington 1 - Clinton 9 |
| TOP OF THE 6TH |
|
Lexington Legends batting - Pitching for Clinton LumberKings : LHP Andy Mathis
|
|
Batting: SHB Ryoji Hiraoka
|
0-0: Swinging Strike 0-1: Called Strike 0-2: Strikes out swinging
|
|
Batting: RHB Franklin Salazar
|
0-0: Ground out U3 (Groundball, 34S, EV 89.4 MPH)
|
|
Batting: RHB Andy Urquhart
|
0-0: Ball 1-0: Ball 2-0: Foul Ball, location: 2F 2-1: Ball 3-1: Foul Ball, location: 2F 3-2: Base on Balls
|
|
Batting: RHB Pete Deschamps
|
0-0: Ball Andy Urquhart steals 2nd base 1-0: Ball 2-0: Swinging Strike 2-1: SINGLE (Groundball, 6MD, EV 98.8 MPH) Andy Urquhart to third Runner from 3rd tries for Home, throw by CF and OUT! 8-2
|
| Top of the 6th over - 0 runs, 1 hit, 0 errors, 1 left on base; Lexington 1 - Clinton 9 |
| BOTTOM OF THE 6TH |
|
Clinton LumberKings batting - Pitching for Lexington Legends : RHP Michiyo Takayama
|
|
Batting: LHB Chang Huie
|
0-0: Foul Ball, location: 2F 0-1: Called Strike 0-2: Strikes out swinging
|
|
Pitching: RHP Rich Frontczak
|
|
|
Batting: RHB Jesus Santiago
|
0-0: Called Strike 0-1: Ball 1-1: Foul Ball, location: 2F 1-2: Foul Ball, location: 2F 1-2: SOLO HOME RUN (Flyball, 78XD, EV 111.2 MPH), Distance : 448 ft
|
|
Batting: LHB Kenny Gerrity
|
0-0: Foul Ball, location: 2F 0-1: Ball 1-1: SINGLE (Groundball, 34S, EV 62.5 MPH) (infield hit)
|
|
Batting: RHB Chris Van Niel
|
0-0: Called Strike 0-1: Foul Ball, location: 2F 0-2: Ball 1-2: Foul Ball, location: 2F 1-2: Ball 2-2: Fly out, F8 (Flyball, 8RD, EV 100.0 MPH)
|
|
Batting: SHB Garrett McKenna
|
0-0: Ball 1-0: Ball 2-0: Called Strike 2-1: Ball 3-1: Base on Balls Kenny Gerrity to second
|
|
Pitching: RHP Howie Seidler
|
|
|
Batting: RHB Franklin Romero
|
0-0: Called Strike 0-1: Ball 1-1: Swinging Strike 1-2: Strikes out swinging
|
| Bottom of the 6th over - 1 run, 2 hits, 0 errors, 2 left on base; Lexington 1 - Clinton 10 |
| TOP OF THE 7TH |
|
Lexington Legends batting - Pitching for Clinton LumberKings : LHP Andy Mathis
|
|
Pitching: RHP Kieran Easton
|
|
|
Batting: LHB Robert Wilkins
|
0-0: Ball 1-0: Ball 2-0: Ball 3-0: Base on Balls
|
|
Batting: RHB Nate De Jongh
|
0-0: Called Strike 0-1: Foul Ball, location: 2F 0-2: Strikes out swinging
|
|
Batting: LHB David Bearden
|
0-0: Called Strike 0-1: Ball 1-1: SINGLE (Groundball, 3D, EV 99.4 MPH) Robert Wilkins to second Runner from 2nd tries for 3rd, SAFE, throw by RF made to third
|
|
Batting: RHB Kunimatsu Oya
|
0-0: Ball 1-0: Ball 2-0: Ball 3-0: Called Strike 3-1: Base on Balls David Bearden to second
|
|
Batting: RHB Eric Erickson
|
0-0: Ball 1-0: Foul Ball, location: 2F 1-1: Foul Ball, location: 2F 1-2: Strikes out swinging
|
|
Batting: SHB Ryoji Hiraoka
|
0-0: Hit by Pitch Robert Wilkins scores David Bearden to third Kunimatsu Oya to second
|
|
Batting: RHB Franklin Salazar
|
0-0: Called Strike 0-1: Swinging Strike 0-2: Foul Ball, location: 2F 0-2: Ball 1-2: Foul Ball, location: 2F 1-2: Ball 2-2: Foul Ball, location: 2F 2-2: Strikes out swinging
|
| Top of the 7th over - 1 run, 1 hit, 0 errors, 3 left on base; Lexington 2 - Clinton 10 |
| BOTTOM OF THE 7TH |
|
Clinton LumberKings batting - Pitching for Lexington Legends : RHP Howie Seidler
|
|
Batting: SHB Tony Morales
|
0-0: Called Strike 0-1: Ground out 4-3 (Groundball, 4, EV 81.2 MPH)
|
|
Pinch Hitting: LHB William Warren
|
0-0: Swinging Strike 0-1: Ball 1-1: Ball 2-1: Swinging Strike 2-2: Ball 3-2: Base on Balls
|
|
Batting: RHB Ryan Criollo
|
0-0: Ball 1-0: Foul Ball, location: 2F 1-1: Foul Ball, location: 2F 1-2: Ball 2-2: Foul Ball, location: 2F 2-2: Ball 3-2: SINGLE (Line Drive, 8LS, EV 97.5 MPH) William Warren to second
|
|
Pitching: LHP Tyler Abraham
|
|
|
Batting: LHB Chang Huie
|
0-0: Ball 1-0: Called Strike 1-1: Called Strike 1-2: Ball 2-2: Ball 3-2: Foul Ball, location: 2F 3-2: Foul Ball, location: 2F 3-2: Fielders Choice at 2nd, 3-6 (Groundball, 34, EV 101.9 MPH) William Warren to third
|
|
Batting: RHB Jesus Santiago
|
0-0: Swinging Strike 0-1: Ball 1-1: Hit by Pitch Chang Huie to second
|
|
Batting: LHB Kenny Gerrity
|
0-0: Ball 1-0: Called Strike 1-1: SINGLE (Groundball, 6M, EV 76.2 MPH) (infield hit) William Warren scores Chang Huie to third Jesus Santiago to second
|
|
Batting: RHB Chris Van Niel
|
0-0: Called Strike 0-1: Ball Wild Pitch! Chang Huie scores Jesus Santiago to third Kenny Gerrity to second 1-1: Ball 2-1: Foul Ball, location: 2F 2-2: Ball 3-2: SINGLE (Groundball, 34D, EV 99.4 MPH) Jesus Santiago scores Kenny Gerrity to third Runner from 3rd tries for Home, SAFE, throw by RF to home
|
|
Pitching: LHP Hyoji Kawabata
|
|
|
Batting: SHB Garrett McKenna
|
0-0: Swinging Strike 0-1: Called Strike 0-2: Ball 1-2: DOUBLE (Groundball, 5L, EV 105.6 MPH) Chris Van Niel to third Runner from 3rd tries for Home, SAFE, no throw by LF
|
|
Batting: RHB Franklin Romero
|
0-0: Called Strike 0-1: Ball 1-1: Swinging Strike 1-2: Foul Ball, location: 2F 1-2: Strikes out swinging
|
| Bottom of the 7th over - 5 runs, 4 hits, 0 errors, 1 left on base; Lexington 2 - Clinton 15 |
| TOP OF THE 8TH |
|
Lexington Legends batting - Pitching for Clinton LumberKings : RHP Kieran Easton
|
|
Now in RF: William Warren
|
|
|
Batting: RHB Andy Urquhart
|
0-0: Ball 1-0: Ball 2-0: Called Strike 2-1: Foul Ball, location: 2F 2-2: Ball 3-2: Base on Balls
|
|
Batting: RHB Pete Deschamps
|
0-0: Called Strike 0-1: Called Strike 0-2: Strikes out looking
|
|
Batting: LHB Robert Wilkins
|
0-0: Ball 1-0: Called Strike 1-1: Ball 2-1: Ball 3-1: Fly out, F7 (Line Drive, 78M, EV 89.4 MPH)
|
|
Batting: RHB Nate De Jongh
|
0-0: Ball 1-0: Swinging Strike 1-1: Ball 2-1: Ball 3-1: Called Strike 3-2: Foul Ball, location: 2F 3-2: Base on Balls Andy Urquhart to second
|
|
Batting: LHB David Bearden
|
0-0: Ball 1-0: Called Strike 1-1: Fly out, F5 (Line Drive, 56, EV 69.4 MPH)
|
| Top of the 8th over - 0 runs, 0 hits, 0 errors, 2 left on base; Lexington 2 - Clinton 15 |
| BOTTOM OF THE 8TH |
|
Clinton LumberKings batting - Pitching for Lexington Legends : LHP Hyoji Kawabata
|
|
Batting: SHB Tony Morales
|
0-0: Called Strike 0-1: Fly out, F8 (Flyball, 8LD, EV 96.9 MPH)
|
|
Batting: LHB William Warren
|
0-0: Ball 1-0: Ball 2-0: Ball 3-0: Base on Balls
|
|
Batting: RHB Ryan Criollo
|
0-0: Swinging Strike 0-1: Fly out, F9 (Flyball, 9D, EV 81.9 MPH)
|
|
Pinch Hitting: LHB Ryan Rothenbach
|
0-0: Called Strike 0-1: Ball 1-1: Ball 2-1: Ground out 4-3 (Groundball, 4D, EV 99.4 MPH)
|
| Bottom of the 8th over - 0 runs, 0 hits, 0 errors, 1 left on base; Lexington 2 - Clinton 15 |
| TOP OF THE 9TH |
|
Lexington Legends batting - Pitching for Clinton LumberKings : RHP Kieran Easton
|
|
Pitching: RHP Willie Sanchez
|
|
|
Now in LF: William Warren
|
|
|
Now in CF: Ryan Criollo
|
|
|
Now in RF: Ryan Rothenbach
|
|
|
Batting: RHB Kunimatsu Oya
|
0-0: Called Strike 0-1: Ball 1-1: Foul Ball, location: 2F 1-2: Foul Ball, location: 2F 1-2: Ball 2-2: Strikes out swinging
|
|
Batting: RHB Eric Erickson
|
0-0: Ball 1-0: Ball 2-0: Ball 3-0: Foul Ball, location: 2F 3-1: Foul Ball, location: 2F 3-2: Strikes out swinging
|
|
Batting: SHB Ryoji Hiraoka
|
0-0: Called Strike 0-1: Foul Ball, location: 2F 0-2: Ball 1-2: Strikes out swinging
|
| Top of the 9th over - 0 runs, 0 hits, 0 errors, 0 left on base; Lexington 2 - Clinton 15 |
|